Map: [ESL] Inside and Out

Players

Serral - Winner!

  • Race: Zerg Zerg
  • Spawn Location: 1:00

ShoWTimE

  • Race: Protoss Protoss
  • Spawn Location: 7:00

Event: HomeStory Cup XXII

VOD

Have the link to the VOD?

Description

Time

  • Played on: Dec. 17, 2022, 5:45 p.m.
  • Length: 16:43

All games in this series

Show
View Real Time Build Order
Export as new Build Order

Serral Zerg - Winner!

Build Orders: Hatch First, Lurkers 

Get SALT Encoding   

  12  0:00  Drone  
  13  0:11  Overlord  
  13  0:17  Drone  
  14  0:30  Drone x2  
  16  0:42  Drone  
  17  0:52  Hatchery  
  17  0:55  Drone  
  17  0:58  Drone  
  18  1:09  Extractor  
  17  1:13  Spawning Pool  
  17  1:16  Drone  
  17  1:19  Drone  
  18  1:28  Drone  
  19  1:38  Drone  
  20  1:48  Overlord  
  20  1:59  Queen  
  22  2:03  Queen  
  22  2:04  Zergling x4  
  26  2:10  Drone  
  26  2:11  Metabolic Boost  
  26  2:14  Drone  
  28  2:21  Drone  
  29  2:25  Drone  
  30  2:36  Hatchery  
  29  2:42  Queen  
  31  2:46  Drone  
  31  2:48  Drone  
  33  2:51  Overlord  
  33  2:54  Zergling x2  
  33  2:56  Drone  
  34  3:03  Zergling x2  
  35  3:07  Overlord  
  35  3:09  Queen  
  37  3:13  Zergling x2  
  37  3:14  Drone  
  37  3:15  Drone  
  37  3:18  Drone  
  39  3:27  Drone x4  
  39  3:29  Drone  
  39  3:33  Drone  
  42  3:38  Drone  
  43  3:41  Drone x2  
  43  3:44  Drone  
  46  3:51  Overlord  
  46  3:52  Drone x2  
  46  3:53  Drone  
  46  3:55  Drone  
  50  3:58  Drone x2  
  52  4:04  Queen  
  52  4:05  Drone  
  52  4:06  Drone  
  52  4:09  Spore Crawler  
  55  4:12  Spore Crawler  
  55  4:15  Queen  
  56  4:18  Drone  
  56  4:20  Drone  
  56  4:22  Drone  
  56  4:23  Drone  
  60  4:25  Drone x2  
  60  4:28  Overlord  
  63  4:31  Drone  
  63  4:32  Drone  
  64  4:38  Zergling x2  
  64  4:39  Roach Warren  
  64  4:40  Overlord  
  64  4:44  Drone x3  
  66  4:49  Drone x2  
  66  4:50  Drone  
  68  4:52  Drone  
  68  4:53  Drone  
  68  4:57  Drone x2  
  71  5:01  Lair  
  71  5:03  Drone, Overlord  
  71  5:06  Drone  
  73  5:11  Extractor x2  
  73  5:12  Drone x2  
  73  5:13  Drone  
  73  5:14  Drone  
  75  5:15  Evolution Chamber  
  75  5:16  Overlord  
  74  5:23  Drone  
  74  5:24  Queen  
  74  5:25  Spore Crawler  
  76  5:28  Hatchery  
  76  5:30  Drone x2  
  76  5:32  Drone  
  76  5:34  Drone x2  
  76  5:35  Drone  
  81  5:38  Extractor  
  81  5:40  Drone, Overlord  
  81  5:41  Drone  
  81  5:42  Drone x2  
  84  5:46  Zerg Missile Weapons Level 1  
  84  5:48  Drone x2  
  85  5:52  Extractor x2  
  85  5:54  Drone x3  
  86  5:59  Overseer x3  
  86  6:08  Glial Reconstitution  
  86  6:12  Drone x2  
  86  6:13  Drone  
  89  6:21  Zergling x2, Overlord  
  89  6:22  Zergling x8  
  89  6:23  Roach x5  
  104  6:27  Overlord x2  
  104  6:31  Roach, Spine Crawler  
  105  6:33  Spine Crawler  
  105  6:39  Roach  
  114  6:40  Roach x4  
  114  6:41  Roach  
  114  6:44  Roach x2  
  120  6:53  Roach x8  
  131  6:55  Roach  
  127  7:03  Roach x5  
  127  7:08  Roach  
  129  7:10  Roach  
  129  7:14  Roach x3  
  128  7:21  Roach  
  134  7:23  Pneumatized Carapace  
  134  7:29  Overlord  
  134  7:30  Overlord x3  
  134  7:33  Overlord  
  134  7:35  Overlord  
  134  7:47  Roach x5  
  134  7:48  Roach  
  142  7:54  Roach  
  142  7:55  Roach x7  
  142  7:56  Ravager x5  
  159  8:00  Roach x2  
  163  8:06  Roach x3  
  169  8:13  Roach x6  
  169  8:17  Roach x2  
  169  8:19  Roach  
  176  8:23  Roach x3  
  175  8:31  Roach x5  
  168  8:39  Roach x5  
  164  8:45  Zerg Missile Weapons Level 2  
  164  8:46  Drone x4  
  166  8:54  Roach  
  166  8:55  Roach x3  
  162  8:57  Roach  
  162  9:01  Roach  
  162  9:02  Roach x2  
  148  9:03  Roach  
  148  9:04  Roach  
  148  9:07  Roach x2  
  150  9:11  Roach x2  
  150  9:16  Infestation Pit  
  153  9:18  Drone x4  
  153  9:22  Extractor  
  153  9:24  Roach x3  
  162  9:28  Ravager  
  162  9:29  Ravager  
  164  9:37  Extractor, Overlord x2  
  164  9:38  Zergling x10  
  166  9:39  Drone x3  
  166  9:41  Roach  
  166  9:42  Ravager  
  172  9:46  Hydralisk Den  
  172  9:51  Zergling x12  
  175  9:54  Overlord  
  175  9:58  Hive  
  175  10:02  Roach  
  175  10:03  Roach x2  
  175  10:04  Burrow  
  181  10:19  Zergling x18  
  186  10:32  Hatchery  
  183  10:37  Grooved Spines  
  183  10:40  Roach x4  
  185  11:11  Hydralisk x6, Viper x2  
  177  11:12  Viper  
  177  11:16  Roach x8  
  198  11:19  Lurker Den  
  191  11:28  Hydralisk x2  
  191  11:29  Roach x5  
  191  11:32  Zerg Ground Armor Level 1  
  195  11:49  Muscular Augments  
  195  11:52  Hydralisk  
  197  12:07  Extractor  
  197  12:08  Extractor  
  194  12:09  Spore Crawler  
  194  12:10  Overlord  
  194  12:11  Overlord  
  183  12:24  Viper x2  
  183  12:25  Hydralisk x4  
  183  12:29  Seismic Spines  
  197  12:31  Lurker  
  197  12:32  Lurker x2  
  194  12:57  Viper  
  194  12:58  Hydralisk  
  197  13:09  Roach x6  
  197  13:10  Roach x9  
  176  13:20  Overseer  
  176  13:22  Zergling x12  
  176  13:26  Adaptive Talons, Zerg Missile Weapons Level 3  
  182  13:29  Hatchery  
  181  13:38  Lurker  
  182  13:42  Lurker x3  
  182  13:43  Lurker, Hydralisk x7  
  188  13:49  Hatchery  
  188  13:52  Hydralisk x2  
  191  13:57  Spine Crawler  
  191  13:58  Spine Crawler  
  191  13:59  Spine Crawler, Overlord x2  
  191  14:02  Spine Crawler  
  188  14:12  Overseer  
  188  14:13  Overseer, Drone  
  188  14:17  Overlord  
  188  14:18  Hydralisk x5  
  198  14:26  Hatchery  
  198  14:30  Lurker x2  
  198  14:31  Overlord x2  
  199  14:34  Overlord  
  198  14:57  Hydralisk x2  
  198  15:06  Hydralisk x5  
  188  15:25  Hydralisk x13, Swarm Host  
  188  15:27  Hatchery  
  184  15:33  Hydralisk x9  
  183  15:43  Hydralisk x3  
  183  15:49  Hydralisk x2  
  178  15:55  Hydralisk x2  
  179  16:03  Hydralisk x3  
  173  16:11  Hydralisk x2  
Show
View Real Time Build Order
Export as new Build Order

ShoWTimE Protoss 

Build Orders: 1 Gate Expand, Oracle Opening, Zealot Archon, Archon Drop 

Get SALT Encoding   

  12  0:00  Probe  
  13  0:12  Probe  
  14  0:18  Pylon  
  14  0:24  Probe (Chrono Boost)  
  15  0:36  Probe (Chrono Boost)  
  15  0:38  Gateway  
  16  0:45  Probe (Chrono Boost)  
  16  0:48  Assimilator  
  17  0:51  Probe  
  18  1:03  Probe  
  19  1:15  Probe  
  20  1:26  Nexus  
  20  1:34  Cybernetics Core  
  20  1:38  Probe  
  21  1:44  Assimilator  
  21  1:50  Probe  
  21  1:52  Pylon  
  22  2:02  Probe  
  22  2:08  Adept (Chrono Boost)  
  23  2:14  Probe  
  26  2:20  Stargate  
  26  2:27  Probe (Chrono Boost)  
  26  2:28  Adept (Chrono Boost)  
  27  2:34  Warp Gate  
  29  2:37  Probe (Chrono Boost)  
  31  2:44  Probe (Chrono Boost)  
  31  2:47  Probe (Chrono Boost)  
  31  2:50  Adept  
  33  2:51  Probe (Chrono Boost)  
  33  2:52  Probe (Chrono Boost)  
  36  3:03  Probe  
  36  3:04  Probe, Pylon  
  36  3:05  Oracle (Chrono Boost)  
  41  3:15  Probe  
  41  3:16  Probe  
  43  3:20  Adept  
  45  3:27  Probe  
  45  3:28  Probe  
  43  3:35  Gateway  
  43  3:37  Oracle (Chrono Boost)  
  43  3:39  Probe  
  43  3:40  Probe  
  48  3:51  Probe  
  48  3:52  Probe  
  48  3:55  Nexus  
  50  3:58  Pylon  
  50  4:03  Probe  
  50  4:04  Probe  
  50  4:06  Assimilator  
  50  4:08  Assimilator  
  52  4:16  Forge  
  52  4:17  Twilight Council, Probe  
  52  4:19  Probe  
  52  4:23  Adept  
  56  4:29  Probe  
  57  4:31  Robotics Facility, Probe  
  57  4:35  Pylon  
  57  4:36  Protoss Ground Weapons Level 1 (Chrono Boost)  
  58  4:41  Probe  
  58  4:43  Probe  
  60  4:53  Gateway x2, Probe  
  60  4:55  Probe  
  60  4:57  Charge (Chrono Boost)  
  60  4:58  Stalker  
  64  5:05  Probe  
  65  5:08  Probe  
  65  5:13  Templar Archives  
  66  5:18  Probe x2  
  66  5:20  Gateway, Probe  
  69  5:26  Gateway  
  69  5:30  Probe  
  69  5:31  Probe  
  69  5:33  Warp Prism  
  69  5:35  Probe  
  74  5:39  Pylon  
  74  5:42  Probe  
  73  5:43  Probe  
  73  5:47  Probe, Pylon  
  75  5:50  Assimilator  
  75  5:53  Assimilator  
  75  5:54  Probe  
  75  5:55  Shield Battery  
  75  5:56  Probe  
  77  5:59  Probe  
  77  6:00  High Templar x3  
  77  6:03  High Templar  
  86  6:05  Archon, Pylon  
  86  6:06  Probe  
  86  6:07  Archon  
  86  6:08  Probe  
  88  6:11  Probe, Pylon  
  88  6:17  Zealot  
  92  6:18  Probe  
  92  6:20  Probe  
  92  6:24  Probe, Pylon  
  94  6:25  Robotics Bay  
  94  6:29  Blink  
  94  6:33  Zealot x4  
  94  6:35  Zealot  
  94  6:37  Zealot  
  104  7:00  Zealot x5  
  108  7:02  Probe  
  108  7:03  Probe  
  108  7:06  Zealot  
  102  7:09  Probe  
  102  7:12  Disruptor (Chrono Boost), Robotics Bay  
  96  7:18  Protoss Ground Weapons Level 2 (Chrono Boost)  
  96  7:20  Photon Cannon  
  96  7:22  Gateway  
  92  7:24  High Templar  
  92  7:25  Zealot, High Templar x3  
  92  7:26  Gateway  
  102  7:30  Photon Cannon  
  102  7:31  Archon, Photon Cannon  
  102  7:32  Archon  
  102  7:37  Pylon  
  102  7:42  Photon Cannon  
  102  7:43  Shield Battery  
  105  7:51  Probe  
  106  7:56  Stalker x2  
  106  7:57  Stalker  
  111  8:00  Stalker x3, Pylon  
  111  8:03  Disruptor (Chrono Boost), Pylon  
  111  8:04  Shield Battery  
  117  8:23  Zealot x4  
  117  8:24  Zealot x3  
  123  8:27  Zealot  
  116  8:52  Zealot x4  
  116  8:53  Zealot x4  
  110  9:14  Stalker x8  
  110  9:15  Disruptor (Chrono Boost)  
  124  9:23  Shield Battery  
  124  9:30  Pylon  
  124  9:41  Nexus  
  124  9:43  Stalker x5  
  124  9:44  Stalker  
  136  9:46  Disruptor (Chrono Boost)  
  136  9:48  Probe  
  136  9:49  Probe  
  140  9:58  Protoss Ground Weapons Level 3 (Chrono Boost)  
  140  10:00  Pylon  
  140  10:01  Zealot x2, Pylon  
  140  10:03  Pylon  
  144  10:09  Pylon  
  144  10:10  Pylon  
  144  10:19  Zealot x6  
  156  10:31  Pylon  
  156  10:33  Nexus  
  154  10:38  High Templar x2  
  154  10:40  High Templar x6  
  170  10:44  Archon x4  
  170  10:47  Pylon  
  170  11:05  Photon Cannon  
  170  11:11  Photon Cannon  
  166  11:12  Shield Battery  
  166  11:16  Stalker x5  
  166  11:17  Stalker x3  
  170  11:19  Probe x2  
  170  11:21  Assimilator  
  164  11:27  Assimilator  
  164  11:32  Observer (Chrono Boost)  
  162  11:38  Photon Cannon  
  162  11:41  Stalker x2  
  162  11:42  Stalker x6  
  178  11:47  Probe x2  
  178  11:52  Probe x2  
  182  11:56  Pylon  
  182  12:05  Zealot x8  
  196  12:17  Psionic Storm  
  173  12:27  High Templar x4  
  177  12:32  Zealot x4  
  185  12:39  Protoss Shields Level 1 (Chrono Boost)  
  183  12:51  Fleet Beacon  
  183  12:53  Stargate  
  183  12:55  Stargate  
  183  12:58  Probe x3  
  186  13:00  Zealot x5  
  186  13:01  Zealot x2  
  160  13:29  High Templar  
  160  13:30  Zealot x4, High Templar x3  
  160  13:33  Nexus, Pylon  
  176  13:34  Archon, Protoss Air Weapons Level 1  
  176  13:35  Archon  
  176  13:44  Carrier (Chrono Boost)  
  176  13:45  Carrier (Chrono Boost)  
  188  13:52  Carrier (Chrono Boost)  
  192  14:15  Photon Cannon  
  192  14:16  Photon Cannon  
  190  14:18  Photon Cannon  
  186  14:24  Shield Battery  
  186  14:26  Shield Battery, High Templar x2  
  186  14:27  Pylon  
  186  14:29  Photon Cannon x2  
  188  14:38  Oracle (Chrono Boost)  
  188  14:40  Oracle (Chrono Boost)  
  188  14:45  Zealot x3  
  196  14:49  Assimilator  
  196  14:50  Assimilator  
  200  15:04  Zealot x3  
  191  15:07  Colossus  
  191  15:11  Zealot x3  
  140  15:29  Zealot x5  
  138  15:43  Probe x2  
  138  15:44  Probe  
  132  15:53  High Templar x8  
  132  15:54  Probe  
  132  15:55  Probe  
  148  15:57  Archon x2, Pylon  
  148  15:58  Archon  
  145  16:07  Disruptor  
  137  16:15  Pylon  
  129  16:25  Zealot x8  
Tags
 
Add a new tag
Caveats
  • Supply blocks, unpowered buildings, or Contaminate may cause inaccurate times.
  • Supply counts are checked every 10 seconds.